[ PARTIDA AOE2 · #481471847 ]
UnrankedBritanos vs Khmer
[ ANÁLISIS DE REPETICIÓN · EXTRAÍDO DE LA PARTIDA GRABADA ]
Feudal
10:39
Castillos
17:19
Imperial
30:35
| APM promedio | 33.6 |
| APM pico | 84 |
| eAPM promedio | 16.5 |
| Aldeanos / militares | 126 / 258 |
Foco
⚔️ 29.2% · 🌾 70.8%
Archer ×127 · Militia ×70 · Spearman ×60 · Monk ×1
Feudal
12:19
Castillos
16:18
Imperial
34:06
| APM promedio | 37.9 |
| APM pico | 90 |
| eAPM promedio | 16.3 |
| Aldeanos / militares | 102 / 55 |
Foco
⚔️ 22.1% · 🌾 77.9%
Scorpion ×37 · Skirmisher ×13 · Mangonel ×2 · Trebuchet (Packed) ×2 · Battering Ram ×1
Feudal
—
Castillos
—
Imperial
—
| APM promedio | 34.3 |
| APM pico | 103 |
| eAPM promedio | 21.8 |
| Aldeanos / militares | 170 / 291 |
Foco
⚔️ 23.7% · 🌾 76.3%
Steppe Lancer ×285 · Trade Cart ×31 · Trebuchet (Packed) ×6
Feudal
10:45
Castillos
15:55
Imperial
34:39
| APM promedio | 18.8 |
| APM pico | 36 |
| eAPM promedio | 15.8 |
| Aldeanos / militares | 149 / 756 |
Foco
⚔️ 42.3% · 🌾 57.7%
Spearman ×652 · Huskarl ×72 · Trebuchet (Packed) ×12 · Monk ×10 · Trade Cart ×8 · Fishing Ship ×6
Feudal
9:58
Castillos
16:23
Imperial
29:51
| APM promedio | 15.5 |
| APM pico | 38 |
| eAPM promedio | 12.7 |
| Aldeanos / militares | 155 / 163 |
Foco
⚔️ 16.5% · 🌾 83.5%
Knight ×158 · Trade Cart ×20 · Trebuchet (Packed) ×5
Feudal
13:53
Castillos
18:51
Imperial
32:48
| APM promedio | 32.4 |
| APM pico | 92 |
| eAPM promedio | 21.9 |
| Aldeanos / militares | 130 / 217 |
Foco
⚔️ 18.8% · 🌾 81.2%
Scout Cavalry ×110 · Hand Cannoneer ×86 · Bombard Cannon ×21 · Fishing Ship ×12
Feudal
11:22
Castillos
15:17
Imperial
33:01
| APM promedio | 36.5 |
| APM pico | 74 |
| eAPM promedio | 25.0 |
| Aldeanos / militares | 117 / 110 |
Foco
⚔️ 51.7% · 🌾 48.3%
Conquistador ×75 · Battering Ram ×25 · Petard ×5 · Trebuchet (Packed) ×4 · Knight ×1
Feudal
13:09
Castillos
18:04
Imperial
39:14
| APM promedio | 14.8 |
| APM pico | 52 |
| eAPM promedio | 12.8 |
| Aldeanos / militares | 134 / 302 |
Foco
⚔️ 37.9% · 🌾 62.1%
Spearman ×241 · Knight ×53 · Fishing Ship ×20 · Trebuchet (Packed) ×5 · Monk ×3
Mapa de la partida
Recursos iniciales + cada clic de construcción. Líneas = muros · curvas = relieve. ◆ oro · ⬟ piedra · ● bayas · ✦ reliquia · ◌ hueco del cierre
Tu base· ✓ Cerrada en 17:19 · 37t muro · sin puerta
Base de Filho da Viuva· ✓ Cerrada en 16:18 · 46t muro · sin puerta
Base de VIP IVORY· ✓ Cerrada en 14:32 · 49t muro · sin puerta
Base de Tomate· ✓ Cerrada en 15:55 · 0t muro · sin puerta
Base de littlestewey· ✓ Cerrada en 16:23 · 10t muro · sin puerta
Base de Makarov99· ✓ Cerrada en 18:51 · 46t muro · 1 puerta(s)
Base de NachoRZ· ✓ Cerrada en 15:17 · 1t muro · 1 puerta(s)
Base de Corote Blueberry· ✓ Cerrada en 18:04 · 35t muro · sin puerta
Terreno inicial suavizado · ◌ = hueco del cierre detectado · pasá el cursor para detalles
Inputs por minuto
— Alcatraz - - Filho da Viuva
Build order — Alcatraz
Primeras 150 de 374 acciones detectadas
| 0:01 | Crear | Villager (Male) |
| 0:03 | Construir | House |
| 0:04 | Construir | House |
| 0:08 | Crear | Villager (Male) ×3 |
| 1:04 | Investigar | Loom |
| 1:05 | Crear | Villager (Male) |
| 1:20 | Crear | Villager (Male) |
| 1:47 | Crear | Villager (Male) |
| 2:10 | Construir | Palisade Wall |
| 2:36 | Crear | Villager (Male) ×2 |
| 3:05 | Crear | Villager (Male) |
| 3:20 | Construir | House |
| 3:22 | Construir | House |
| 3:26 | Crear | Villager (Male) |
| 3:47 | Crear | Villager (Male) |
| 3:57 | Construir | Lumber Camp |
| 4:12 | Crear | Villager (Male) |
| 4:48 | Crear | Villager (Male) |
| 4:58 | Construir | Palisade Wall |
| 5:20 | Crear | Villager (Male) |
| 5:44 | Construir | Mill |
| 5:46 | Crear | Villager (Male) |
| 6:25 | Crear | Villager (Male) |
| 7:14 | Crear | Villager (Male) |
| 7:28 | Construir | Mining Camp |
| 7:30 | Crear | Villager (Male) |
| 7:31 | Crear | Villager (Male) |
| 7:56 | Crear | Villager (Male) |
| 8:17 | Construir | Mining Camp |
| 8:28 | Investigar | Feudal Age |
| 9:11 | Crear | Villager (Male) |
| 9:36 | Crear | Villager (Male) |
| 9:43 | Construir | House |
| 9:59 | Construir | Barracks |
| 10:39 | Edad | Edad Feudal |
| 10:39 | Crear | Villager (Male) |
| 10:44 | Investigar | Double-Bit Axe |
| 11:21 | Crear | Villager (Male) |
| 12:20 | Crear | Villager (Male) |
| 12:42 | Crear | Villager (Male) |
| 12:42 | Crear | Villager (Male) |
| 12:47 | Construir | House |
| 13:13 | Construir | Archery Range |
| 13:15 | Crear | Villager (Male) |
| 13:29 | Construir | Blacksmith |
| 13:40 | Crear | Villager (Male) |
| 14:30 | Crear | Villager (Male) |
| 14:39 | Investigar | Castle Age |
| 14:51 | Construir | Farm |
| 14:58 | Construir | Farm |
| 14:59 | Construir | Farm |
| 15:07 | Construir | Farm |
| 16:08 | Crear | Villager (Male) |
| 16:21 | Construir | Stone Wall |
| 16:34 | Construir | Stone Wall |
| 16:38 | Construir | Stone Wall |
| 16:51 | Crear | Archer |
| 16:57 | Construir | House |
| 17:08 | Construir | House |
| 17:11 | Crear | Villager (Male) |
| 17:16 | Crear | Villager (Male) |
| 17:19 | Edad | Edad de los Castillos |
| 17:46 | Construir | Town Center |
| 17:53 | Construir | Town Center |
| 18:05 | Crear | Villager (Male) |
| 18:05 | Crear | Villager (Male) |
| 18:12 | Construir | Farm |
| 18:17 | Construir | Farm |
| 18:40 | Crear | Villager (Male) |
| 18:40 | Crear | Villager (Male) |
| 18:42 | Crear | Archer |
| 18:53 | Crear | Villager (Male) |
| 19:00 | Crear | Archer |
| 19:10 | Crear | Archer |
| 19:12 | Crear | Villager (Male) |
| 19:27 | Construir | Farm |
| 19:28 | Construir | Farm |
| 19:30 | Construir | Farm |
| 19:36 | Crear | Villager (Male) |
| 19:36 | Crear | Villager (Male) |
| 19:43 | Construir | Farm |
| 20:05 | Crear | Villager (Male) |
| 20:05 | Crear | Villager (Male) |
| 20:06 | Crear | Villager (Male) |
| 20:15 | Investigar | Wheelbarrow |
| 20:20 | Construir | Farm |
| 20:26 | Investigar | Bow Saw |
| 20:34 | Crear | Villager (Male) |
| 21:02 | Crear | Villager (Male) |
| 21:07 | Construir | House |
| 21:11 | Crear | Villager (Male) |
| 21:13 | Crear | Archer |
| 21:15 | Crear | Archer |
| 21:28 | Construir | Farm |
| 21:32 | Construir | Farm |
| 21:34 | Crear | Villager (Male) |
| 21:39 | Construir | Farm |
| 21:41 | Construir | Farm |
| 21:45 | Crear | Villager (Male) |
| 21:55 | Construir | Farm |
| 21:57 | Crear | Villager (Male) |
| 21:57 | Crear | Villager (Male) |
| 22:04 | Crear | Villager (Male) |
| 22:06 | Crear | Archer |
| 22:13 | Construir | House |
| 22:18 | Crear | Villager (Male) |
| 22:22 | Construir | House |
| 22:23 | Construir | House |
| 22:24 | Construir | House |
| 22:29 | Crear | Villager (Male) |
| 22:38 | Crear | Villager (Male) |
| 22:38 | Crear | Villager (Male) |
| 22:43 | Construir | Farm |
| 22:47 | Construir | Farm |
| 22:49 | Crear | Villager (Male) |
| 22:49 | Crear | Villager (Male) |
| 22:58 | Construir | Farm |
| 22:59 | Construir | Farm |
| 23:00 | Construir | Farm |
| 23:02 | Crear | Villager (Male) |
| 23:02 | Crear | Villager (Male) |
| 23:07 | Construir | University |
| 23:09 | Crear | Villager (Male) |
| 23:11 | Construir | Farm |
| 23:15 | Crear | Villager (Male) |
| 23:15 | Crear | Villager (Male) |
| 23:22 | Crear | Archer |
| 23:23 | Crear | Archer |
| 23:31 | Construir | Stone Wall |
| 23:39 | Construir | Castle |
| 23:46 | Crear | Villager (Male) |
| 23:47 | Crear | Villager (Male) |
| 23:53 | Investigar | Horse Collar |
| 23:58 | Construir | Farm |
| 24:03 | Crear | Archer |
| 24:04 | Crear | Villager (Male) |
| 24:18 | Construir | Farm |
| 24:26 | Crear | Archer |
| 24:33 | Construir | Farm |
| 24:36 | Construir | Farm |
| 24:37 | Construir | Farm |
| 24:38 | Construir | Farm |
| 24:42 | Crear | Villager (Male) |
| 24:52 | Construir | Farm |
| 24:54 | Construir | Farm |
| 25:02 | Crear | Villager (Male) |
| 25:03 | Crear | Villager (Male) |
| 25:06 | Crear | Archer |
| 25:15 | Construir | House |
| 25:20 | Construir | House |
Build order — Filho da Viuva
Primeras 150 de 274 acciones detectadas
| 0:02 | Crear | Villager (Male) |
| 0:02 | Crear | Villager (Male) |
| 0:03 | Crear | Villager (Male) |
| 0:03 | Crear | Villager (Male) |
| 0:04 | Construir | House |
| 0:06 | Construir | House |
| 0:24 | Investigar | Loom |
| 0:36 | Crear | Villager (Male) |
| 0:36 | Crear | Villager (Male) |
| 0:36 | Crear | Villager (Male) |
| 0:36 | Crear | Villager (Male) |
| 1:42 | Construir | Palisade Wall |
| 1:43 | Crear | Villager (Male) |
| 2:14 | Construir | Lumber Camp |
| 2:19 | Crear | Villager (Male) |
| 2:20 | Crear | Villager (Male) |
| 2:43 | Crear | Villager (Male) |
| 2:43 | Crear | Villager (Male) |
| 2:55 | Construir | Palisade Wall |
| 3:14 | Crear | Villager (Male) |
| 3:14 | Crear | Villager (Male) |
| 3:46 | Crear | Villager (Male) |
| 3:46 | Crear | Villager (Male) |
| 3:58 | Construir | House |
| 4:11 | Crear | Villager (Male) |
| 4:53 | Crear | Villager (Male) |
| 4:54 | Crear | Villager (Male) |
| 4:59 | Construir | Mill |
| 5:13 | Construir | House |
| 5:19 | Crear | Villager (Male) |
| 5:19 | Crear | Villager (Male) |
| 5:38 | Crear | Villager (Male) |
| 6:02 | Construir | Palisade Wall |
| 6:06 | Crear | Villager (Male) |
| 6:06 | Crear | Villager (Male) |
| 6:06 | Crear | Villager (Male) |
| 6:26 | Crear | Villager (Male) |
| 6:26 | Crear | Villager (Male) |
| 7:09 | Crear | Villager (Male) |
| 7:10 | Crear | Villager (Male) |
| 7:10 | Crear | Villager (Male) |
| 7:35 | Crear | Villager (Male) |
| 7:49 | Construir | House |
| 8:08 | Crear | Villager (Male) |
| 8:09 | Crear | Villager (Male) |
| 8:13 | Construir | Mining Camp |
| 8:39 | Crear | Villager (Male) |
| 8:39 | Crear | Villager (Male) |
| 8:40 | Crear | Villager (Male) |
| 8:47 | Construir | House |
| 8:56 | Construir | House |
| 9:27 | Crear | Villager (Male) |
| 9:34 | Construir | Farm |
| 10:09 | Investigar | Feudal Age |
| 10:13 | Construir | Farm |
| 11:08 | Crear | Villager (Male) |
| 11:09 | Crear | Villager (Male) |
| 11:09 | Crear | Villager (Male) |
| 12:19 | Edad | Edad Feudal |
| 12:25 | Construir | Stone Wall |
| 12:54 | Construir | Mining Camp |
| 13:38 | Investigar | Castle Age |
| 13:38 | Investigar | Castle Age |
| 13:52 | Construir | Watch Tower |
| 14:16 | Investigar | Double-Bit Axe |
| 14:28 | Investigar | Horse Collar |
| 14:45 | Construir | Farm |
| 14:52 | Construir | Farm |
| 14:58 | Construir | Farm |
| 15:36 | Construir | House |
| 15:44 | Construir | Farm |
| 15:46 | Investigar | Wheelbarrow |
| 16:18 | Edad | Edad de los Castillos |
| 16:23 | Construir | Town Center |
| 16:32 | Investigar | Bow Saw |
| 16:46 | Crear | Villager (Male) |
| 16:47 | Crear | Villager (Male) |
| 17:22 | Construir | Town Center |
| 17:27 | Crear | Villager (Male) |
| 17:27 | Crear | Villager (Male) |
| 17:36 | Construir | Farm |
| 17:39 | Construir | Farm |
| 17:41 | Crear | Villager (Male) |
| 17:42 | Crear | Villager (Male) |
| 18:07 | Construir | Stone Wall |
| 18:33 | Crear | Villager (Male) |
| 18:33 | Crear | Villager (Male) |
| 18:33 | Crear | Villager (Male) |
| 18:34 | Crear | Villager (Male) |
| 19:06 | Crear | Villager (Male) |
| 19:06 | Crear | Villager (Male) |
| 19:06 | Crear | Villager (Male) |
| 19:58 | Construir | Siege Workshop |
| 20:02 | Crear | Villager (Male) |
| 20:02 | Crear | Villager (Male) |
| 20:03 | Crear | Villager (Male) |
| 20:03 | Crear | Villager (Male) |
| 20:09 | Crear | Villager (Male) |
| 20:10 | Crear | Villager (Male) |
| 20:21 | Construir | Farm |
| 20:23 | Construir | Farm |
| 20:38 | Crear | Scorpion |
| 20:38 | Crear | Scorpion |
| 20:38 | Crear | Scorpion |
| 20:40 | Crear | Battering Ram |
| 20:41 | Crear | Villager (Male) |
| 20:41 | Crear | Villager (Male) |
| 20:41 | Crear | Villager (Male) |
| 20:58 | Construir | House |
| 21:08 | Crear | Villager (Male) |
| 21:08 | Crear | Villager (Male) |
| 21:08 | Crear | Villager (Male) |
| 21:23 | Crear | Scorpion |
| 21:28 | Crear | Villager (Male) |
| 21:28 | Crear | Villager (Male) |
| 21:28 | Crear | Villager (Male) |
| 21:29 | Crear | Villager (Male) |
| 21:35 | Construir | House |
| 21:36 | Construir | House |
| 21:37 | Construir | House |
| 21:42 | Construir | Farm |
| 21:46 | Construir | Farm |
| 22:16 | Construir | Stone Wall |
| 22:58 | Construir | Castle |
| 23:10 | Crear | Mangonel |
| 23:54 | Construir | Farm |
| 23:55 | Construir | Farm |
| 23:58 | Construir | Farm |
| 23:59 | Construir | Farm |
| 24:01 | Construir | Farm |
| 24:02 | Construir | Farm |
| 24:04 | Construir | Farm |
| 24:44 | Construir | Lumber Camp |
| 24:58 | Crear | Villager (Male) |
| 24:58 | Crear | Villager (Male) |
| 24:59 | Crear | Villager (Male) |
| 24:59 | Crear | Villager (Male) |
| 24:59 | Crear | Villager (Male) |
| 25:08 | Construir | House |
| 25:33 | Construir | Farm |
| 25:43 | Construir | Archery Range |
| 25:47 | Crear | Villager (Male) |
| 25:47 | Crear | Villager (Male) |
| 25:47 | Crear | Villager (Male) |
| 25:48 | Crear | Villager (Male) |
| 25:48 | Crear | Villager (Male) |
| 25:48 | Crear | Villager (Male) |
| 25:48 | Crear | Villager (Male) |
| 25:57 | Construir | Farm |
| 25:58 | Construir | Farm |
Build order — VIP IVORY
Primeras 150 de 537 acciones detectadas
| 0:00 | Crear | Villager (Male) |
| 0:01 | Crear | Villager (Male) |
| 0:01 | Crear | Villager (Male) |
| 0:02 | Construir | House |
| 0:03 | Construir | House |
| 0:17 | Crear | Villager (Male) |
| 1:25 | Crear | Villager (Male) |
| 1:25 | Crear | Villager (Male) |
| 2:02 | Crear | Villager (Male) |
| 2:05 | Construir | Lumber Camp |
| 2:19 | Crear | Villager (Male) |
| 2:19 | Crear | Villager (Male) |
| 2:40 | Crear | Villager (Male) |
| 3:14 | Crear | Villager (Male) |
| 3:19 | Construir | House |
| 3:25 | Construir | House |
| 3:39 | Crear | Villager (Male) |
| 3:57 | Crear | Villager (Male) |
| 4:23 | Crear | Villager (Male) |
| 4:34 | Construir | Palisade Wall |
| 4:49 | Investigar | Loom |
| 4:49 | Crear | Villager (Male) |
| 4:49 | Crear | Villager (Male) |
| 5:02 | Construir | House |
| 5:38 | Construir | Palisade Wall |
| 5:38 | Construir | Palisade Wall |
| 5:40 | Construir | Palisade Wall |
| 5:41 | Construir | Palisade Wall |
| 6:08 | Crear | Villager (Male) |
| 6:08 | Crear | Villager (Male) |
| 6:11 | Construir | House |
| 6:35 | Construir | Palisade Wall |
| 6:36 | Construir | Palisade Wall |
| 6:50 | Crear | Villager (Male) |
| 6:55 | Construir | Mill |
| 7:19 | Construir | Palisade Wall |
| 7:20 | Construir | Palisade Wall |
| 7:25 | Crear | Villager (Male) |
| 7:26 | Crear | Villager (Male) |
| 7:58 | Crear | Villager (Male) |
| 7:58 | Crear | Villager (Male) |
| 7:58 | Crear | Villager (Male) |
| 7:58 | Crear | Villager (Male) |
| 7:59 | Crear | Villager (Male) |
| 8:58 | Construir | Farm |
| 9:01 | Construir | Farm |
| 9:48 | Crear | Villager (Male) |
| 9:49 | Crear | Villager (Male) |
| 9:50 | Crear | Villager (Male) |
| 10:06 | Construir | House |
| 10:08 | Construir | House |
| 10:09 | Construir | House |
| 10:13 | Construir | House |
| 10:35 | Investigar | Feudal Age |
| 11:49 | Construir | Palisade Wall |
| 11:55 | Crear | Villager (Male) |
| 11:56 | Crear | Villager (Male) |
| 12:48 | Construir | Palisade Wall |
| 13:08 | Construir | Market |
| 13:24 | Construir | Palisade Wall |
| 13:30 | Construir | Farm |
| 13:35 | Construir | Blacksmith |
| 13:41 | Construir | House |
| 13:43 | Construir | House |
| 13:44 | Crear | Villager (Male) |
| 13:44 | Crear | Villager (Male) |
| 13:49 | Construir | Farm |
| 13:53 | Construir | Farm |
| 14:32 | Investigar | Castle Age |
| 15:04 | Construir | Palisade Wall |
| 15:04 | Construir | Palisade Wall |
| 15:09 | Construir | Palisade Wall |
| 15:10 | Construir | Palisade Wall |
| 15:15 | Construir | Palisade Wall |
| 15:16 | Construir | Palisade Wall |
| 15:24 | Crear | Villager (Male) |
| 15:25 | Crear | Villager (Male) |
| 15:53 | Construir | Watch Tower |
| 16:36 | Construir | Mining Camp |
| 17:26 | Construir | Town Center |
| 17:32 | Crear | Villager (Male) |
| 17:55 | Construir | Town Center |
| 18:02 | Crear | Villager (Male) |
| 18:02 | Crear | Villager (Male) |
| 18:02 | Crear | Villager (Male) |
| 18:05 | Construir | Farm |
| 18:08 | Construir | Farm |
| 18:56 | Construir | Lumber Camp |
| 19:02 | Crear | Villager (Male) |
| 19:24 | Crear | Villager (Male) |
| 19:42 | Investigar | Double-Bit Axe |
| 19:45 | Crear | Villager (Male) |
| 19:54 | Crear | Villager (Male) |
| 19:55 | Crear | Villager (Male) |
| 20:00 | Construir | Farm |
| 20:09 | Construir | Farm |
| 20:15 | Construir | Farm |
| 20:23 | Crear | Villager (Male) |
| 20:24 | Crear | Villager (Male) |
| 20:27 | Construir | Farm |
| 20:30 | Construir | Farm |
| 20:36 | Construir | Farm |
| 20:45 | Construir | Farm |
| 20:48 | Construir | Farm |
| 20:50 | Crear | Villager (Male) |
| 21:01 | Construir | Farm |
| 21:06 | Construir | Farm |
| 21:09 | Construir | Farm |
| 21:11 | Crear | Villager (Male) |
| 21:18 | Construir | Farm |
| 21:26 | Crear | Villager (Male) |
| 21:26 | Crear | Villager (Male) |
| 21:29 | Construir | Farm |
| 21:33 | Crear | Villager (Male) |
| 21:37 | Construir | Farm |
| 21:39 | Crear | Villager (Male) |
| 21:39 | Crear | Villager (Male) |
| 21:43 | Construir | Farm |
| 21:53 | Construir | Farm |
| 21:55 | Crear | Villager (Male) |
| 21:59 | Construir | Farm |
| 22:03 | Construir | Farm |
| 22:04 | Crear | Villager (Male) |
| 22:13 | Crear | Villager (Male) |
| 22:14 | Crear | Villager (Male) |
| 22:18 | Construir | Farm |
| 22:22 | Construir | Farm |
| 22:25 | Crear | Villager (Male) |
| 22:37 | Construir | Farm |
| 22:40 | Crear | Villager (Male) |
| 22:40 | Crear | Villager (Male) |
| 22:40 | Crear | Villager (Male) |
| 22:41 | Crear | Villager (Male) |
| 22:41 | Crear | Villager (Male) |
| 22:51 | Construir | House |
| 22:55 | Construir | Farm |
| 22:57 | Crear | Villager (Male) |
| 23:06 | Construir | Farm |
| 23:09 | Crear | Villager (Male) |
| 23:09 | Crear | Villager (Male) |
| 23:09 | Crear | Villager (Male) |
| 23:24 | Crear | Villager (Male) |
| 23:24 | Crear | Villager (Male) |
| 23:45 | Construir | Town Center |
| 23:56 | Crear | Villager (Male) |
| 23:56 | Crear | Villager (Male) |
| 23:56 | Crear | Villager (Male) |
| 23:58 | Construir | Mining Camp |
| 24:11 | Construir | Palisade Wall |
| 24:21 | Construir | Palisade Wall |
Build order — Tomate
Primeras 150 de 571 acciones detectadas
| 0:01 | Crear | Villager (Male) |
| 0:01 | Crear | Villager (Male) |
| 0:02 | Crear | Villager (Male) |
| 0:04 | Construir | House |
| 0:07 | Construir | House |
| 0:43 | Crear | Villager (Male) |
| 1:44 | Crear | Villager (Male) |
| 1:48 | Construir | Lumber Camp |
| 1:56 | Crear | Villager (Male) |
| 2:13 | Construir | House |
| 2:15 | Construir | House |
| 2:20 | Crear | Villager (Male) |
| 2:49 | Crear | Villager (Male) |
| 3:18 | Crear | Villager (Male) |
| 3:18 | Crear | Villager (Male) |
| 3:31 | Investigar | Loom |
| 4:00 | Crear | Villager (Male) |
| 4:03 | Crear | Villager (Male) |
| 4:40 | Construir | Mill |
| 4:46 | Crear | Villager (Male) |
| 4:47 | Crear | Villager (Male) |
| 4:59 | Crear | Villager (Male) |
| 5:38 | Crear | Villager (Male) |
| 5:38 | Crear | Villager (Male) |
| 5:54 | Crear | Villager (Male) |
| 6:03 | Construir | Mill |
| 6:36 | Construir | House |
| 6:42 | Crear | Villager (Male) |
| 7:14 | Crear | Villager (Male) |
| 7:19 | Construir | Mining Camp |
| 7:37 | Crear | Villager (Male) |
| 7:53 | Crear | Villager (Male) |
| 8:35 | Investigar | Feudal Age |
| 8:52 | Construir | Dock |
| 9:14 | Construir | House |
| 9:42 | Crear | Fishing Ship |
| 9:47 | Crear | Villager (Male) |
| 9:48 | Crear | Villager (Male) |
| 10:45 | Edad | Edad Feudal |
| 11:02 | Construir | Market |
| 11:35 | Crear | Villager (Male) |
| 11:57 | Crear | Villager (Male) |
| 12:19 | Crear | Villager (Male) |
| 12:33 | Construir | Blacksmith |
| 12:46 | Crear | Villager (Male) |
| 13:13 | Investigar | Castle Age |
| 13:47 | Crear | Fishing Ship |
| 13:56 | Construir | House |
| 14:03 | Construir | Mining Camp |
| 14:14 | Investigar | Double-Bit Axe |
| 14:35 | Crear | Fishing Ship |
| 14:46 | Crear | Fishing Ship |
| 14:54 | Investigar | Horse Collar |
| 15:23 | Crear | Villager (Male) |
| 15:23 | Crear | Villager (Male) |
| 15:34 | Investigar | Tech 906 |
| 15:37 | Crear | Fishing Ship |
| 15:51 | Construir | House |
| 15:52 | Construir | House |
| 15:55 | Edad | Edad de los Castillos |
| 16:18 | Construir | Town Center |
| 16:37 | Construir | Town Center |
| 16:42 | Crear | Villager (Male) |
| 16:50 | Crear | Villager (Male) |
| 17:02 | Construir | House |
| 17:04 | Construir | House |
| 17:07 | Construir | House |
| 17:10 | Crear | Villager (Male) |
| 17:18 | Construir | Town Center |
| 17:35 | Construir | Farm |
| 17:39 | Construir | Farm |
| 17:42 | Construir | Farm |
| 17:52 | Crear | Villager (Male) |
| 18:18 | Crear | Villager (Male) |
| 18:30 | Construir | Farm |
| 18:35 | Crear | Fishing Ship |
| 19:03 | Crear | Villager (Male) |
| 19:12 | Crear | Villager (Male) |
| 19:13 | Crear | Villager (Male) |
| 19:15 | Construir | Farm |
| 19:23 | Construir | Farm |
| 19:25 | Construir | Farm |
| 19:31 | Construir | House |
| 19:32 | Construir | House |
| 19:33 | Construir | House |
| 19:45 | Construir | Fish Trap |
| 19:55 | Crear | Villager (Male) |
| 20:05 | Crear | Villager (Male) |
| 20:06 | Crear | Villager (Male) |
| 20:11 | Construir | Fish Trap |
| 20:21 | Crear | Villager (Male) |
| 20:21 | Crear | Villager (Male) |
| 20:31 | Construir | Fish Trap |
| 20:36 | Crear | Villager (Male) |
| 20:51 | Crear | Villager (Male) |
| 20:55 | Construir | Fish Trap |
| 21:05 | Crear | Villager (Male) |
| 21:05 | Crear | Villager (Male) |
| 21:05 | Crear | Villager (Male) |
| 21:05 | Crear | Villager (Male) |
| 21:09 | Construir | Fish Trap |
| 21:23 | Crear | Villager (Male) |
| 21:24 | Crear | Villager (Male) |
| 21:24 | Crear | Villager (Male) |
| 21:28 | Construir | Fish Trap |
| 21:32 | Construir | House |
| 21:33 | Construir | House |
| 21:34 | Construir | House |
| 21:36 | Crear | Villager (Male) |
| 21:43 | Construir | Farm |
| 21:46 | Crear | Villager (Male) |
| 22:05 | Construir | Castle |
| 22:08 | Crear | Villager (Male) |
| 22:08 | Crear | Villager (Male) |
| 22:08 | Crear | Villager (Male) |
| 22:37 | Crear | Villager (Male) |
| 22:38 | Crear | Villager (Male) |
| 22:38 | Crear | Villager (Male) |
| 22:53 | Construir | Farm |
| 22:56 | Construir | Farm |
| 22:58 | Crear | Villager (Male) |
| 22:58 | Crear | Villager (Male) |
| 22:59 | Crear | Villager (Male) |
| 22:59 | Crear | Villager (Male) |
| 23:23 | Construir | House |
| 23:25 | Construir | House |
| 23:26 | Construir | House |
| 23:30 | Crear | Villager (Male) |
| 23:30 | Crear | Villager (Male) |
| 23:35 | Construir | Farm |
| 23:35 | Construir | Farm |
| 23:36 | Construir | Farm |
| 23:38 | Construir | Farm |
| 23:39 | Construir | Farm |
| 23:46 | Construir | Farm |
| 23:47 | Construir | Farm |
| 23:48 | Construir | Farm |
| 23:49 | Construir | Farm |
| 23:51 | Crear | Villager (Male) |
| 23:51 | Crear | Villager (Male) |
| 23:54 | Investigar | Gold Mining |
| 24:02 | Construir | Farm |
| 24:05 | Construir | Farm |
| 24:07 | Crear | Villager (Male) |
| 24:08 | Crear | Villager (Male) |
| 24:20 | Construir | Farm |
| 24:21 | Construir | Farm |
| 24:22 | Construir | Farm |
| 24:24 | Construir | Farm |
| 24:25 | Construir | Farm |
Build order — littlestewey
Primeras 150 de 361 acciones detectadas
| 0:04 | Construir | House |
| 0:04 | Crear | Villager (Male) |
| 0:05 | Crear | Villager (Male) |
| 0:05 | Crear | Villager (Male) |
| 0:06 | Construir | House |
| 0:08 | Crear | Villager (Male) |
| 0:08 | Crear | Villager (Male) |
| 0:50 | Construir | Palisade Wall |
| 1:42 | Crear | Villager (Male) |
| 1:43 | Crear | Villager (Male) |
| 1:43 | Crear | Villager (Male) |
| 2:26 | Crear | Villager (Male) |
| 2:27 | Crear | Villager (Male) |
| 2:41 | Crear | Villager (Male) |
| 2:42 | Crear | Villager (Male) |
| 2:42 | Crear | Villager (Male) |
| 3:43 | Crear | Villager (Male) |
| 3:44 | Crear | Villager (Male) |
| 3:44 | Crear | Villager (Male) |
| 4:08 | Crear | Villager (Male) |
| 4:08 | Crear | Villager (Male) |
| 4:34 | Construir | House |
| 4:39 | Construir | Lumber Camp |
| 5:03 | Crear | Villager (Male) |
| 5:04 | Crear | Villager (Male) |
| 6:11 | Crear | Villager (Male) |
| 6:11 | Crear | Villager (Male) |
| 6:11 | Crear | Villager (Male) |
| 6:18 | Construir | House |
| 7:01 | Crear | Villager (Male) |
| 7:01 | Crear | Villager (Male) |
| 7:19 | Construir | Mill |
| 7:54 | Investigar | Feudal Age |
| 7:55 | Investigar | Feudal Age |
| 8:25 | Construir | Mill |
| 9:05 | Construir | Mill |
| 9:11 | Crear | Villager (Male) |
| 9:11 | Crear | Villager (Male) |
| 9:50 | Crear | Villager (Male) |
| 9:50 | Crear | Villager (Male) |
| 9:50 | Crear | Villager (Male) |
| 9:58 | Edad | Edad Feudal |
| 10:25 | Construir | Mining Camp |
| 10:57 | Construir | House |
| 11:29 | Construir | Market |
| 12:04 | Crear | Villager (Male) |
| 12:04 | Crear | Villager (Male) |
| 12:33 | Construir | Blacksmith |
| 12:52 | Crear | Villager (Male) |
| 13:11 | Construir | House |
| 13:28 | Crear | Villager (Male) |
| 13:54 | Construir | Mining Camp |
| 13:57 | Investigar | Castle Age |
| 14:09 | Investigar | Horse Collar |
| 14:21 | Investigar | Double-Bit Axe |
| 14:45 | Construir | Farm |
| 14:45 | Construir | Farm |
| 14:45 | Construir | Farm |
| 14:46 | Construir | Farm |
| 14:47 | Construir | Farm |
| 14:48 | Construir | Farm |
| 15:44 | Crear | Villager (Male) |
| 15:44 | Crear | Villager (Male) |
| 15:44 | Crear | Villager (Male) |
| 16:23 | Edad | Edad de los Castillos |
| 16:29 | Crear | Villager (Male) |
| 16:40 | Construir | Town Center |
| 16:56 | Construir | Town Center |
| 17:05 | Crear | Villager (Male) |
| 17:22 | Construir | Town Center |
| 17:45 | Construir | House |
| 17:46 | Construir | House |
| 18:09 | Construir | House |
| 18:10 | Construir | House |
| 18:13 | Construir | House |
| 18:17 | Crear | Villager (Male) |
| 18:18 | Crear | Villager (Male) |
| 18:18 | Crear | Villager (Male) |
| 18:22 | Investigar | Wheelbarrow |
| 18:27 | Construir | Farm |
| 18:27 | Construir | Farm |
| 18:27 | Construir | Farm |
| 18:41 | Crear | Villager (Male) |
| 18:41 | Crear | Villager (Male) |
| 18:49 | Construir | Farm |
| 19:10 | Crear | Villager (Male) |
| 19:13 | Construir | Farm |
| 19:17 | Crear | Villager (Male) |
| 19:24 | Crear | Villager (Male) |
| 19:24 | Crear | Villager (Male) |
| 19:24 | Crear | Villager (Male) |
| 19:35 | Crear | Villager (Male) |
| 19:35 | Crear | Villager (Male) |
| 19:37 | Construir | Farm |
| 19:48 | Construir | Farm |
| 19:52 | Crear | Villager (Male) |
| 19:52 | Crear | Villager (Male) |
| 19:52 | Crear | Villager (Male) |
| 20:06 | Crear | Villager (Male) |
| 20:09 | Construir | Farm |
| 20:35 | Crear | Villager (Male) |
| 20:36 | Crear | Villager (Male) |
| 20:36 | Crear | Villager (Male) |
| 20:36 | Crear | Villager (Male) |
| 20:43 | Crear | Villager (Male) |
| 20:43 | Crear | Villager (Male) |
| 20:50 | Construir | Farm |
| 20:50 | Construir | Farm |
| 20:50 | Construir | Farm |
| 20:50 | Construir | Farm |
| 20:54 | Construir | Farm |
| 21:01 | Crear | Villager (Male) |
| 21:08 | Construir | Farm |
| 21:17 | Crear | Villager (Male) |
| 21:21 | Construir | Farm |
| 21:25 | Construir | Farm |
| 21:25 | Construir | Farm |
| 21:36 | Construir | Farm |
| 21:42 | Construir | Farm |
| 21:45 | Crear | Villager (Male) |
| 21:46 | Crear | Villager (Male) |
| 21:49 | Crear | Villager (Male) |
| 21:49 | Crear | Villager (Male) |
| 22:20 | Crear | Villager (Male) |
| 22:21 | Crear | Villager (Male) |
| 22:22 | Construir | Farm |
| 22:25 | Construir | Farm |
| 22:28 | Crear | Villager (Male) |
| 22:29 | Crear | Villager (Male) |
| 22:50 | Construir | Castle |
| 23:00 | Construir | Mill |
| 23:02 | Crear | Villager (Male) |
| 23:02 | Crear | Villager (Male) |
| 23:06 | Crear | Villager (Male) |
| 23:07 | Crear | Villager (Male) |
| 23:07 | Crear | Villager (Male) |
| 23:07 | Crear | Villager (Male) |
| 23:11 | Crear | Villager (Male) |
| 23:11 | Crear | Villager (Male) |
| 23:12 | Crear | Villager (Male) |
| 23:50 | Investigar | Loom |
| 23:52 | Construir | Farm |
| 23:52 | Construir | Farm |
| 23:52 | Construir | Farm |
| 23:52 | Construir | Farm |
| 23:53 | Construir | Farm |
| 24:34 | Construir | Castle |
| 24:41 | Crear | Villager (Male) |
| 24:41 | Crear | Villager (Male) |
| 24:45 | Construir | House |
Build order — Makarov99
Primeras 150 de 351 acciones detectadas
| 0:01 | Crear | Villager (Male) |
| 0:02 | Crear | Villager (Male) |
| 0:02 | Crear | Villager (Male) |
| 0:02 | Crear | Villager (Male) |
| 0:02 | Crear | Villager (Male) |
| 0:04 | Construir | House |
| 0:05 | Construir | House |
| 1:28 | Crear | Villager (Male) |
| 1:29 | Crear | Villager (Male) |
| 2:06 | Crear | Villager (Male) |
| 2:06 | Crear | Villager (Male) |
| 2:30 | Crear | Villager (Male) |
| 2:30 | Crear | Villager (Male) |
| 2:41 | Crear | Villager (Male) |
| 2:42 | Crear | Villager (Male) |
| 2:42 | Crear | Villager (Male) |
| 3:09 | Crear | Villager (Male) |
| 3:29 | Crear | Villager (Male) |
| 3:29 | Crear | Villager (Male) |
| 3:40 | Construir | Palisade Wall |
| 4:02 | Crear | Villager (Male) |
| 4:03 | Crear | Villager (Male) |
| 4:34 | Construir | Lumber Camp |
| 4:35 | Crear | Villager (Male) |
| 4:35 | Crear | Villager (Male) |
| 4:35 | Crear | Villager (Male) |
| 4:46 | Construir | House |
| 4:51 | Construir | House |
| 4:53 | Construir | House |
| 4:58 | Investigar | Loom |
| 5:26 | Crear | Villager (Male) |
| 5:26 | Crear | Villager (Male) |
| 5:27 | Crear | Villager (Male) |
| 5:27 | Crear | Villager (Male) |
| 5:27 | Crear | Villager (Male) |
| 5:27 | Crear | Villager (Male) |
| 5:54 | Construir | Palisade Wall |
| 6:15 | Crear | Villager (Male) |
| 6:16 | Crear | Villager (Male) |
| 6:21 | Construir | Dock |
| 6:57 | Construir | Mining Camp |
| 7:16 | Crear | Villager (Male) |
| 7:16 | Crear | Villager (Male) |
| 7:16 | Crear | Villager (Male) |
| 7:37 | Crear | Fishing Ship |
| 7:37 | Crear | Fishing Ship |
| 8:02 | Crear | Villager (Male) |
| 8:02 | Crear | Villager (Male) |
| 8:03 | Crear | Villager (Male) |
| 8:15 | Construir | Mill |
| 8:38 | Crear | Villager (Male) |
| 8:38 | Crear | Villager (Male) |
| 8:39 | Crear | Villager (Male) |
| 9:03 | Crear | Fishing Ship |
| 9:03 | Crear | Fishing Ship |
| 9:57 | Construir | Mill |
| 11:32 | Construir | Palisade Wall |
| 11:43 | Investigar | Feudal Age |
| 12:58 | Crear | Fishing Ship |
| 12:58 | Crear | Fishing Ship |
| 13:53 | Edad | Edad Feudal |
| 13:58 | Investigar | Horse Collar |
| 14:00 | Crear | Villager (Male) |
| 14:01 | Crear | Villager (Male) |
| 14:06 | Construir | House |
| 14:11 | Construir | House |
| 14:27 | Construir | Market |
| 14:35 | Crear | Villager (Male) |
| 14:41 | Construir | Palisade Wall |
| 15:25 | Construir | Gate |
| 15:33 | Crear | Villager (Male) |
| 15:37 | Construir | Blacksmith |
| 15:47 | Construir | Farm |
| 15:47 | Construir | Farm |
| 15:47 | Construir | Farm |
| 15:48 | Construir | Farm |
| 15:48 | Construir | Farm |
| 15:48 | Construir | Farm |
| 15:48 | Construir | Farm |
| 15:49 | Construir | Farm |
| 16:07 | Investigar | Castle Age |
| 16:14 | Construir | Mining Camp |
| 16:19 | Construir | Fish Trap |
| 16:22 | Construir | Fish Trap |
| 16:24 | Construir | Fish Trap |
| 16:30 | Investigar | Double-Bit Axe |
| 16:55 | Construir | Stone Wall |
| 17:08 | Investigar | Stone Mining |
| 17:10 | Construir | Fish Trap |
| 17:28 | Construir | Stone Wall |
| 17:30 | Construir | Stone Wall |
| 17:44 | Construir | Fish Trap |
| 17:47 | Construir | Fish Trap |
| 18:28 | Construir | Stone Wall |
| 18:33 | Construir | Stone Wall |
| 18:47 | Construir | House |
| 18:48 | Construir | House |
| 18:50 | Construir | House |
| 18:51 | Edad | Edad de los Castillos |
| 18:57 | Crear | Villager (Male) |
| 18:57 | Crear | Villager (Male) |
| 18:58 | Crear | Villager (Male) |
| 18:58 | Crear | Villager (Male) |
| 18:58 | Crear | Villager (Male) |
| 19:06 | Investigar | Bow Saw |
| 19:11 | Investigar | Gold Mining |
| 19:20 | Crear | Fishing Ship |
| 19:20 | Crear | Fishing Ship |
| 19:59 | Construir | Town Center |
| 20:03 | Crear | Villager (Male) |
| 20:03 | Crear | Villager (Male) |
| 20:04 | Crear | Villager (Male) |
| 20:33 | Construir | Palisade Wall |
| 20:48 | Construir | Stone Wall |
| 20:54 | Crear | Villager (Male) |
| 20:54 | Crear | Villager (Male) |
| 20:54 | Crear | Villager (Male) |
| 20:55 | Crear | Villager (Male) |
| 21:02 | Investigar | Heavy Plow |
| 21:15 | Crear | Fishing Ship |
| 21:15 | Crear | Fishing Ship |
| 21:23 | Construir | Fish Trap |
| 21:34 | Construir | Fish Trap |
| 21:54 | Crear | Villager (Male) |
| 21:54 | Crear | Villager (Male) |
| 21:54 | Crear | Villager (Male) |
| 22:05 | Construir | Town Center |
| 22:07 | Crear | Villager (Male) |
| 22:07 | Crear | Villager (Male) |
| 22:09 | Crear | Villager (Male) |
| 22:09 | Crear | Villager (Male) |
| 23:00 | Crear | Villager (Male) |
| 23:00 | Crear | Villager (Male) |
| 23:00 | Crear | Villager (Male) |
| 23:04 | Construir | Fish Trap |
| 23:17 | Construir | Farm |
| 23:18 | Construir | Farm |
| 23:18 | Construir | Farm |
| 23:18 | Construir | Farm |
| 23:18 | Construir | Farm |
| 23:19 | Construir | Farm |
| 23:19 | Construir | Farm |
| 23:19 | Construir | Farm |
| 23:25 | Crear | Villager (Male) |
| 23:25 | Crear | Villager (Male) |
| 23:25 | Crear | Villager (Male) |
| 23:25 | Crear | Villager (Male) |
| 23:30 | Construir | Farm |
| 24:07 | Construir | Mill |
| 24:08 | Crear | Villager (Male) |
Build order — NachoRZ
Primeras 150 de 372 acciones detectadas
| 0:01 | Crear | Villager (Male) |
| 0:01 | Crear | Villager (Male) |
| 0:02 | Construir | House |
| 0:05 | Construir | House |
| 0:18 | Crear | Villager (Male) |
| 0:36 | Crear | Villager (Male) |
| 1:28 | Crear | Villager (Male) |
| 2:02 | Crear | Villager (Male) |
| 2:14 | Construir | Lumber Camp |
| 2:18 | Crear | Villager (Male) |
| 2:37 | Crear | Villager (Male) |
| 3:05 | Crear | Villager (Male) |
| 3:50 | Crear | Villager (Male) |
| 3:53 | Construir | House |
| 4:10 | Crear | Villager (Male) |
| 4:16 | Construir | Mill |
| 4:24 | Crear | Villager (Male) |
| 4:31 | Crear | Villager (Male) |
| 5:18 | Crear | Villager (Male) |
| 5:52 | Crear | Villager (Male) |
| 5:52 | Crear | Villager (Male) |
| 5:59 | Construir | Mining Camp |
| 6:00 | Crear | Villager (Male) |
| 6:24 | Crear | Villager (Male) |
| 6:49 | Construir | House |
| 6:52 | Investigar | Loom |
| 7:19 | Crear | Villager (Male) |
| 7:45 | Construir | Palisade Wall |
| 7:51 | Construir | Palisade Gate |
| 8:16 | Construir | Palisade Gate |
| 8:22 | Crear | Villager (Male) |
| 8:23 | Crear | Villager (Male) |
| 8:56 | Investigar | Feudal Age |
| 9:59 | Crear | Villager (Male) |
| 10:23 | Construir | Mill |
| 11:22 | Edad | Edad Feudal |
| 11:25 | Construir | Blacksmith |
| 11:32 | Construir | Market |
| 11:40 | Crear | Villager (Male) |
| 11:59 | Crear | Villager (Male) |
| 12:08 | Construir | Mining Camp |
| 12:16 | Construir | Mining Camp |
| 12:35 | Investigar | Castle Age |
| 12:56 | Construir | House |
| 15:17 | Edad | Edad de los Castillos |
| 15:31 | Crear | Villager (Male) |
| 15:51 | Construir | Castle |
| 15:51 | Crear | Villager (Male) |
| 16:00 | Construir | Farm |
| 16:00 | Construir | Farm |
| 16:03 | Investigar | Double-Bit Axe |
| 16:04 | Investigar | Horse Collar |
| 16:08 | Construir | Farm |
| 16:19 | Construir | Farm |
| 16:20 | Construir | Farm |
| 16:22 | Crear | Villager (Male) |
| 16:31 | Construir | Farm |
| 16:48 | Construir | House |
| 16:57 | Construir | Farm |
| 17:04 | Crear | Villager (Male) |
| 17:18 | Construir | Castle |
| 17:32 | Investigar | Padded Archer Armor |
| 17:33 | Crear | Villager (Male) |
| 17:44 | Crear | Villager (Male) |
| 17:54 | Investigar | Bow Saw |
| 18:15 | Construir | Farm |
| 18:15 | Construir | Farm |
| 18:20 | Construir | Lumber Camp |
| 18:24 | Crear | Conquistador |
| 18:43 | Construir | Farm |
| 18:55 | Crear | Conquistador |
| 19:14 | Construir | Farm |
| 19:20 | Construir | Farm |
| 19:20 | Crear | Villager (Male) |
| 19:22 | Crear | Conquistador |
| 19:51 | Construir | Farm |
| 19:52 | Construir | Farm |
| 19:57 | Construir | House |
| 19:58 | Construir | Farm |
| 20:01 | Crear | Conquistador |
| 20:19 | Crear | Conquistador |
| 20:34 | Crear | Petard |
| 20:45 | Crear | Villager (Male) |
| 21:14 | Crear | Petard |
| 21:24 | Crear | Villager (Male) |
| 21:28 | Crear | Conquistador |
| 21:57 | Crear | Villager (Male) |
| 21:57 | Crear | Villager (Male) |
| 22:06 | Construir | Town Center |
| 22:28 | Crear | Conquistador |
| 22:35 | Crear | Petard |
| 22:48 | Crear | Petard |
| 22:48 | Crear | Petard |
| 22:49 | Crear | Villager (Male) |
| 22:56 | Construir | Town Center |
| 23:01 | Construir | House |
| 23:36 | Crear | Villager (Male) |
| 23:43 | Construir | Farm |
| 23:44 | Construir | Farm |
| 23:57 | Crear | Conquistador |
| 24:06 | Crear | Villager (Male) |
| 24:07 | Crear | Villager (Male) |
| 24:09 | Construir | Farm |
| 24:22 | Crear | Villager (Male) |
| 24:23 | Crear | Villager (Male) |
| 24:32 | Construir | Farm |
| 24:32 | Construir | Farm |
| 24:32 | Construir | Farm |
| 24:44 | Crear | Conquistador |
| 24:47 | Crear | Villager (Male) |
| 24:48 | Crear | Villager (Male) |
| 24:49 | Construir | Farm |
| 25:02 | Crear | Villager (Male) |
| 25:02 | Crear | Villager (Male) |
| 25:04 | Crear | Villager (Male) |
| 25:05 | Crear | Villager (Male) |
| 25:07 | Crear | Villager (Male) |
| 25:10 | Construir | Farm |
| 25:13 | Crear | Villager (Male) |
| 25:21 | Crear | Villager (Male) |
| 25:23 | Construir | Farm |
| 25:27 | Crear | Villager (Male) |
| 25:33 | Construir | Farm |
| 25:33 | Construir | Farm |
| 25:46 | Crear | Villager (Male) |
| 25:46 | Crear | Villager (Male) |
| 25:53 | Construir | Farm |
| 25:54 | Crear | Villager (Male) |
| 25:54 | Crear | Villager (Male) |
| 26:05 | Construir | House |
| 26:08 | Crear | Villager (Male) |
| 26:09 | Crear | Villager (Male) |
| 26:17 | Construir | Farm |
| 26:23 | Crear | Conquistador |
| 26:24 | Crear | Villager (Male) |
| 26:24 | Crear | Villager (Male) |
| 26:32 | Crear | Villager (Male) |
| 26:40 | Crear | Villager (Male) |
| 26:41 | Crear | Villager (Male) |
| 26:46 | Construir | Farm |
| 27:01 | Crear | Conquistador |
| 27:03 | Crear | Villager (Male) |
| 27:04 | Crear | Villager (Male) |
| 27:06 | Construir | Farm |
| 27:35 | Crear | Villager (Male) |
| 27:35 | Crear | Villager (Male) |
| 27:36 | Crear | Villager (Male) |
| 27:53 | Crear | Villager (Male) |
| 27:53 | Crear | Villager (Male) |
| 27:54 | Crear | Villager (Male) |
Build order — Corote Blueberry
Primeras 150 de 382 acciones detectadas
| 0:01 | Crear | Villager (Male) ×4 |
| 0:01 | Crear | Villager (Male) ×4 |
| 0:03 | Construir | House |
| 0:04 | Construir | House |
| 1:22 | Investigar | Loom |
| 1:39 | Crear | Villager (Male) |
| 1:39 | Crear | Villager (Male) |
| 2:17 | Construir | Palisade Wall |
| 2:25 | Crear | Villager (Male) |
| 2:26 | Crear | Villager (Male) |
| 2:26 | Crear | Villager (Male) |
| 2:39 | Construir | Lumber Camp |
| 2:52 | Crear | Villager (Male) |
| 2:53 | Crear | Villager (Male) |
| 3:11 | Construir | House |
| 3:15 | Crear | Villager (Male) |
| 3:15 | Crear | Villager (Male) |
| 3:45 | Crear | Villager (Male) |
| 3:45 | Crear | Villager (Male) |
| 3:58 | Crear | Villager (Male) |
| 3:59 | Crear | Villager (Male) |
| 4:25 | Crear | Villager (Male) |
| 4:25 | Crear | Villager (Male) |
| 4:36 | Construir | Palisade Wall |
| 6:01 | Crear | Villager (Male) |
| 6:01 | Crear | Villager (Male) |
| 6:01 | Crear | Villager (Male) |
| 6:01 | Crear | Villager (Male) |
| 6:09 | Construir | Mining Camp |
| 6:21 | Construir | House |
| 6:44 | Construir | Dock |
| 6:49 | Crear | Villager (Male) |
| 6:49 | Crear | Villager (Male) |
| 6:50 | Crear | Villager (Male) |
| 6:50 | Crear | Villager (Male) |
| 7:44 | Crear | Villager (Male) |
| 7:44 | Crear | Villager (Male) |
| 8:15 | Crear | Fishing Ship |
| 8:15 | Crear | Fishing Ship |
| 8:16 | Crear | Fishing Ship |
| 8:26 | Construir | House |
| 8:28 | Construir | House |
| 9:44 | Crear | Villager (Male) |
| 10:22 | Construir | Mill |
| 10:51 | Construir | Mill |
| 10:59 | Investigar | Feudal Age |
| 11:55 | Crear | Fishing Ship |
| 11:56 | Crear | Fishing Ship |
| 12:04 | Construir | Mining Camp |
| 13:08 | Construir | Mill |
| 13:09 | Edad | Edad Feudal |
| 13:15 | Crear | Villager (Male) |
| 13:15 | Crear | Villager (Male) |
| 13:16 | Crear | Villager (Male) |
| 13:30 | Construir | Market |
| 14:14 | Construir | Blacksmith |
| 14:24 | Crear | Villager (Male) |
| 14:30 | Crear | Villager (Male) |
| 15:24 | Investigar | Castle Age |
| 15:42 | Investigar | Double-Bit Axe |
| 15:54 | Construir | Fish Trap |
| 15:58 | Construir | Fish Trap |
| 16:33 | Construir | Stone Wall |
| 16:55 | Construir | Fish Trap |
| 17:01 | Construir | Fish Trap |
| 17:04 | Investigar | Tech 906 |
| 17:27 | Construir | Mill |
| 18:04 | Edad | Edad de los Castillos |
| 18:05 | Construir | Stone Wall |
| 18:13 | Crear | Villager (Male) ×5 |
| 18:25 | Construir | Town Center |
| 18:39 | Construir | Fish Trap |
| 18:55 | Construir | House |
| 18:56 | Construir | House |
| 18:58 | Construir | House |
| 19:21 | Construir | Monastery |
| 19:26 | Crear | Villager (Male) |
| 19:27 | Crear | Villager (Male) |
| 19:41 | Investigar | Wheelbarrow |
| 20:14 | Construir | Town Center |
| 20:16 | Crear | Monk |
| 20:57 | Crear | Villager (Male) ×5 |
| 21:05 | Crear | Monk |
| 21:07 | Construir | House |
| 21:08 | Construir | House |
| 21:09 | Construir | House |
| 21:09 | Construir | House |
| 21:20 | Crear | Monk |
| 21:29 | Investigar | Bow Saw |
| 21:38 | Crear | Villager (Male) |
| 21:39 | Crear | Villager (Male) |
| 21:39 | Crear | Villager (Male) |
| 21:39 | Crear | Villager (Male) |
| 22:18 | Construir | Mining Camp |
| 22:21 | Investigar | Hand Cart |
| 23:01 | Crear | Villager (Male) ×3 |
| 23:02 | Crear | Villager (Male) ×3 |
| 23:14 | Construir | Farm |
| 23:15 | Construir | Farm |
| 23:15 | Construir | Farm |
| 23:16 | Construir | Farm |
| 23:16 | Construir | Farm |
| 23:17 | Construir | Farm |
| 23:17 | Construir | Farm |
| 23:18 | Construir | Farm |
| 23:18 | Construir | Farm |
| 23:19 | Construir | Farm |
| 23:31 | Construir | Barracks |
| 23:32 | Construir | House |
| 23:34 | Construir | House |
| 25:52 | Crear | Villager (Male) ×5 |
| 26:18 | Investigar | Fletching |
| 27:01 | Crear | Villager (Male) ×5 |
| 27:48 | Construir | Castle |
| 28:15 | Investigar | Bodkin Arrow |
| 28:50 | Crear | Villager (Male) ×3 |
| 28:58 | Construir | Lumber Camp |
| 29:06 | Crear | Villager (Male) |
| 29:24 | Construir | Farm |
| 29:34 | Construir | Town Center |
| 29:56 | Construir | Farm |
| 31:06 | Construir | Castle |
| 31:09 | Construir | Mining Camp |
| 31:12 | Crear | Villager (Male) ×5 |
| 31:13 | Crear | Villager (Male) ×5 |
| 31:13 | Crear | Villager (Male) ×5 |
| 31:13 | Crear | Villager (Male) |
| 31:24 | Construir | Farm |
| 31:25 | Construir | Farm |
| 31:25 | Construir | Farm |
| 31:26 | Construir | Farm |
| 31:26 | Construir | Farm |
| 31:27 | Construir | Farm |
| 31:29 | Construir | Farm |
| 31:29 | Construir | Farm |
| 31:30 | Construir | Farm |
| 31:30 | Construir | Farm |
| 31:32 | Construir | Farm |
| 31:53 | Crear | Villager (Male) ×3 |
| 31:57 | Crear | Fishing Ship ×5 |
| 31:59 | Crear | Fishing Ship ×5 |
| 32:01 | Crear | Fishing Ship ×5 |
| 32:13 | Crear | Villager (Male) ×3 |
| 32:45 | Investigar | Gillnets |
| 32:53 | Crear | Villager (Male) ×2 |
| 33:19 | Investigar | Gold Mining |
| 33:34 | Crear | Villager (Male) ×4 |
| 33:39 | Crear | Villager (Male) ×5 |
| 33:40 | Crear | Villager (Male) ×5 |
| 33:41 | Crear | Villager (Male) |
Cronología de la partida
| 0:50 | littlestewey · wall_segment Palisade Wall x10 |
| 1:42 | Filho da Viuva · wall_segment Palisade Wall x13 |
| 2:10 | Alcatraz · wall_segment Palisade Wall x8 |
| 2:17 | Corote Blueberry · wall_segment Palisade Wall x12 |
| 2:55 | Filho da Viuva · wall_segment Palisade Wall x12 |
| 3:40 | Makarov99 · wall_segment Palisade Wall x9 |
| 4:34 | VIP IVORY · wall_segment Palisade Wall x8 |
| 4:36 | Corote Blueberry · wall_segment Palisade Wall x12 |
| 4:58 | Alcatraz · wall_segment Palisade Wall x5 |
| 5:38 | VIP IVORY · wall_segment Palisade Wall x1 |
| 5:38 | VIP IVORY · wall_segment Palisade Wall x1 |
| 5:40 | VIP IVORY · wall_segment Palisade Wall x1 |
| 5:41 | VIP IVORY · wall_segment Palisade Wall x1 |
| 5:54 | Makarov99 · wall_segment Palisade Wall x3 |
| 6:02 | Filho da Viuva · wall_segment Palisade Wall x7 |
| 6:21 | Makarov99 · first_building Dock |
| 6:35 | VIP IVORY · wall_segment Palisade Wall x1 |
| 6:36 | VIP IVORY · wall_segment Palisade Wall x1 |
| 6:44 | Corote Blueberry · first_building Dock |
| 7:19 | VIP IVORY · wall_segment Palisade Wall x1 |
| 7:20 | VIP IVORY · wall_segment Palisade Wall x1 |
| 7:45 | NachoRZ · wall_segment Palisade Wall x1 |
| 8:52 | Tomate · first_building Dock |
| 9:58 | littlestewey · age_up feudal |
| 9:59 | Alcatraz · first_building Barracks |
| 10:39 | Alcatraz · age_up feudal |
| 10:45 | Tomate · age_up feudal |
| 11:22 | NachoRZ · age_up feudal |
| 11:32 | Makarov99 · wall_segment Palisade Wall x12 |
| 11:49 | VIP IVORY · wall_segment Palisade Wall x11 |
| 12:19 | Filho da Viuva · age_up feudal |
| 12:25 | Filho da Viuva · wall_segment Stone Wall x15 |
| 12:48 | VIP IVORY · wall_segment Palisade Wall x13 |
| 13:09 | Corote Blueberry · age_up feudal |
| 13:10 | Tomate · first_market_sell 100 food |
| 13:13 | Alcatraz · first_building Archery Range |
| 13:24 | VIP IVORY · wall_segment Palisade Wall x9 |
| 13:53 | Makarov99 · age_up feudal |
| 14:12 | VIP IVORY · first_market_sell 100 food |
| 14:41 | Makarov99 · wall_segment Palisade Wall x7 |
| 15:04 | VIP IVORY · wall_segment Palisade Wall x1 |
| 15:04 | VIP IVORY · wall_segment Palisade Wall x1 |
| 15:09 | VIP IVORY · wall_segment Palisade Wall x1 |
| 15:10 | VIP IVORY · wall_segment Palisade Wall x1 |
| 15:15 | VIP IVORY · wall_segment Palisade Wall x1 |
| 15:16 | VIP IVORY · wall_segment Palisade Wall x1 |
| 15:17 | NachoRZ · age_up castle |
| 15:40 | NachoRZ · first_market_sell 100 wood |
| 15:41 | NachoRZ · first_market_buy 100 stone |
| 15:51 | NachoRZ · first_building Castle |
| 15:55 | Tomate · age_up castle |
| 16:18 | Filho da Viuva · age_up castle |
| 16:21 | Alcatraz · wall_segment Stone Wall x9 |
| 16:23 | littlestewey · age_up castle |
| 16:33 | Corote Blueberry · wall_segment Stone Wall x12 |
| 16:34 | Alcatraz · wall_segment Stone Wall x2 |
| 16:38 | Alcatraz · wall_segment Stone Wall x14 |
| 16:55 | Makarov99 · wall_segment Stone Wall x4 |
| 17:13 | VIP IVORY · first_market_buy 100 stone |
| 17:19 | Alcatraz · age_up castle |
| 17:28 | Makarov99 · wall_segment Stone Wall x1 |
| 17:30 | Makarov99 · wall_segment Stone Wall x2 |
| 18:04 | Corote Blueberry · age_up castle |
| 18:05 | Corote Blueberry · wall_segment Stone Wall x10 |
| 18:07 | Filho da Viuva · wall_segment Stone Wall x23 |
| 18:28 | Makarov99 · wall_segment Stone Wall x11 |
| 18:33 | Makarov99 · wall_segment Stone Wall x2 |
| 18:51 | Makarov99 · age_up castle |
| 19:21 | Corote Blueberry · first_building Monastery |
| 19:58 | Filho da Viuva · first_building Siege Workshop |
| 20:10 | Corote Blueberry · first_market_buy 100 wood |
| 20:33 | Makarov99 · wall_segment Palisade Wall x4 |
| 20:48 | Makarov99 · wall_segment Stone Wall x12 |
| 22:05 | Tomate · first_building Castle |
| 22:06 | Corote Blueberry · tribute_sent a jugador 1 |
| 22:06 | Corote Blueberry · tribute_sent a jugador 2 |
| 22:06 | Corote Blueberry · tribute_sent a jugador 3 |
| 22:06 | Corote Blueberry · tribute_sent a jugador 4 |
| 22:06 | Corote Blueberry · tribute_sent a jugador 5 |
| 22:06 | Corote Blueberry · tribute_sent a jugador 6 |
| 22:06 | Corote Blueberry · tribute_sent a jugador 7 |
| 22:16 | Filho da Viuva · wall_segment Stone Wall x15 |
| 22:49 | Tomate · tribute_sent a jugador 1 |
| 22:49 | Tomate · tribute_sent a jugador 2 |
| 22:49 | Tomate · tribute_sent a jugador 3 |
| 22:49 | Tomate · tribute_sent a jugador 5 |
| 22:49 | Tomate · tribute_sent a jugador 6 |
| 22:49 | Tomate · tribute_sent a jugador 7 |
| 22:49 | Tomate · tribute_sent a jugador 8 |
| 22:50 | littlestewey · first_building Castle |
| 22:58 | Filho da Viuva · first_building Castle |
| 23:31 | Corote Blueberry · first_building Barracks |
| 23:31 | Alcatraz · wall_segment Stone Wall x11 |
| 23:39 | Alcatraz · first_building Castle |
| 24:11 | VIP IVORY · wall_segment Palisade Wall x1 |
| 24:21 | VIP IVORY · wall_segment Palisade Wall x9 |
| 24:35 | Tomate · first_building Barracks |
| 24:38 | Tomate · first_building Monastery |
| 25:41 | Alcatraz · first_building Monastery |
| 25:43 | Filho da Viuva · first_building Archery Range |
| 25:46 | Makarov99 · first_building Barracks |
| 26:18 | VIP IVORY · wall_segment Palisade Wall x1 |
| 26:24 | VIP IVORY · wall_segment Palisade Wall x11 |
| 26:35 | Makarov99 · first_building Stable |
| 27:11 | VIP IVORY · first_building Monastery |
| 27:21 | littlestewey · first_market_buy 100 stone |
| 27:48 | Corote Blueberry · first_building Castle |
| 28:01 | Tomate · first_building Siege Workshop |
| 28:11 | Makarov99 · first_building Monastery |
| 28:12 | littlestewey · first_building Barracks |
| 28:17 | VIP IVORY · first_building Barracks |
| 28:58 | Makarov99 · first_building Archery Range |
| 29:51 | littlestewey · age_up imperial |
| 30:01 | VIP IVORY · first_building Stable |
| 30:35 | Alcatraz · age_up imperial |
| 30:44 | Makarov99 · first_building Siege Workshop |
| 31:40 | littlestewey · first_building Stable |
| 32:35 | NachoRZ · first_building Barracks |
| 32:44 | Alcatraz · first_market_sell 100 food |
| 32:48 | Makarov99 · age_up imperial |
| 33:01 | NachoRZ · age_up imperial |
| 33:13 | Makarov99 · first_building Castle |
| 34:06 | Filho da Viuva · age_up imperial |
| 34:18 | NachoRZ · first_building Stable |
| 34:30 | VIP IVORY · first_building Castle |
| 34:39 | Tomate · age_up imperial |
| 35:37 | Corote Blueberry · first_building Stable |
| 35:43 | Filho da Viuva · first_market_buy 100 food |
| 39:14 | Corote Blueberry · age_up imperial |
| 40:42 | Corote Blueberry · first_market_sell 500 stone |
| 41:00 | NachoRZ · first_building Siege Workshop |
| 49:00 | Corote Blueberry · resign |
| 51:32 | Alcatraz · first_building Siege Workshop |
[ ANÁLISIS IA · 1 CRÉDITO ]
¿Qué pasó realmente en esta partida?
Wolo.gg analiza cada decisión: build order, eco, micro, errores típicos por bracket. Análisis personalizado por WhatsApp o Discord en 30 segundos.
Guía civ
Britanos
Perfil
Jugador #256315